 Dungeon Crawl Stone Soup version 0.28-a0-872-g80cf8599ee (webtiles) character file.

Game seed: 6318365784707536845

5470 tatocazan the Carver (level 10, 0/90 HPs)
             Began as a Minotaur Fighter on Nov 20, 2021.
             Was an Initiate of Okawaru.
             Slain by Snorg (14 damage)
             ... on level 10 of the Dungeon.
             The game lasted 00:09:50 (11434 turns).

tatocazan the Carver (Minotaur Fighter)            Turns: 11434, Time: 00:09:50

Health: 0/90       AC: 13    Str: 23    XL:     10   Next: 42%
Magic:  9/9        EV: 10    Int:  5    God:    Okawaru [......]
Gold:   571        SH: 10    Dex: 11    Spells: 9/9 levels left

rFire   . . .      SeeInvis .   a - +0 long sword
rCold   . . .      Faith    .   c - +1 buckler
rNeg    . . .      Spirit   .   E - +0 plate armour
rPois   .          Reflect  +   (helmet restricted)
rElec   .          Harm     .   (no cloak)
rCorr   .          Rampage  .   (no gloves)
Will    .....                   (no boots)
Stlth   ..........              q - amulet of reflection
HPRegen 0.25/turn               (no ring)
MPRegen 0.11/turn               (no ring)

@: hasted, very quick
A: horns 2, retaliatory headbutt
a: Renounce Religion


You were on level 10 of the Dungeon.
You worshipped Okawaru.
Okawaru was noncommittal.
You visited 2 branches of the dungeon, and saw 11 of its levels.
You also visited: Ossuary.

You collected 571 gold pieces.

Inventory:

Hand Weapons
 a - a +0 long sword (weapon)
Missiles
 A - 2 javelins (quivered)
Armour
 b - a +0 scale mail
 c - a +1 buckler (worn)
 E - a +0 plate armour (worn)
Jewellery
 e - a ring of fire
 j - an amulet of magic regeneration
 q - an amulet of reflection (around neck)
 v - an amulet of faith
 G - a ring of protection from cold
Wands
 h - a wand of flame (15)
 F - a wand of polymorph (7)
Scrolls
 f - 9 scrolls of identify
 m - a scroll of brand weapon {unknown}
 n - a scroll of noise {unknown}
 o - 6 scrolls of fear
 p - 3 scrolls of magic mapping {unknown}
 r - 2 scrolls of teleportation
 x - 2 scrolls of vulnerability {unknown}
 y - a scroll of amnesia {unknown}
 B - a scroll of acquirement {unknown}
 C - a scroll of enchant armour
 D - a scroll of silence {unknown}
 I - a scroll of summoning {unknown}
Potions
 d - 2 potions of heal wounds {unknown}
 g - a potion of flight
 i - a potion of lignification {unknown}
 k - 3 potions of degeneration {unknown}
 l - 4 potions of attraction
 s - 3 potions of curing {unknown}
 t - 2 potions of haste
 u - a potion of cancellation {unknown}
 w - a potion of magic {unknown}
 z - a potion of mutation {unknown}
 H - a potion of might


   Skills:
 + Level 8.5 Fighting
 * Level 11.0 Long Blades
 + Level 8.4 Armour
 * Level 9.9 Dodging
 - Level 3.6 Shields


You had 9 spell levels left.
You didn't know any spells.
Your spell library contained the following spells:

 Spells                   Type           Power      Damage    Failure   Level
 Sandblast                Erth           0%         2d4       100%        1
 Passwall                 Tmut/Erth      0%         N/A       100%        2
 Stone Arrow              Conj/Erth      0%         3d7       100%        3


Dungeon Overview and Level Annotations

Branches:
Dungeon (10/15)            Temple (1/1) D:7            Lair (0/6) D:8
Ossuary (visited)
    Orc: D:9-12

Altars:
Ashenzari
Cheibriados
Dithmenos
Elyvilon
Fedhas
Gozag
Hepliaklqana
Kikubaaqudgha
Makhleb
Nemelex Xobeh
Okawaru
Qazlal
Ru
Sif Muna
Trog
Uskayaw
Vehumet
Wu Jian
Xom
Yredelemnul
Zin
The Shining One

Shops:
D:4 :   D:5 ?

Annotations:
D:10 Snorg


Innate Abilities, Weirdness & Mutations

You have a pair of horns on your head.
You reflexively headbutt those who attack you in melee.


Message History

Snorg bites you but does no damage. You block Snorg's attack. Snorg misses you.
You barely miss Snorg. Your headbutt misses Snorg.
Snorg is moderately wounded.
Snorg bites you. Snorg barely misses you. Snorg claws you.
You take 5 damage, and have 82/90 hp.
You closely miss Snorg. You headbutt Snorg.
Snorg is moderately wounded.
You block Snorg's attack. Snorg claws you! Snorg claws you but does no damage.
You take 9 damage, and have 73/90 hp.
You slash Snorg! You headbutt Snorg!
Snorg is heavily wounded.
Snorg bites you. You block Snorg's attack. Snorg claws you but does no damage.
You take 1 damage, and have 72/90 hp.
You barely miss Snorg. You headbutt Snorg.
Snorg is heavily wounded.
You closely miss Snorg. You headbutt Snorg.
Snorg is heavily wounded.
Snorg bites you. Snorg claws you. Snorg claws you but does no damage.
You take 12 damage, and have 61/90 hp.
You closely miss Snorg.
Snorg is heavily wounded.
Snorg bites you but does no damage. Snorg misses you. You block Snorg's attack.
You slash Snorg! Your headbutt misses Snorg.
Snorg is heavily wounded.
Snorg bites you but does no damage. You block Snorg's attack. Snorg misses you.
You closely miss Snorg.
Snorg is heavily wounded.
You block Snorg's attack. Snorg claws you! Snorg barely misses you.
You take 11 damage, and have 50/90 hp.
You slash Snorg! You headbutt Snorg, but do no damage.
Snorg is severely wounded.
Snorg bites you!! Snorg claws you!
* * * LOW HITPOINT WARNING * * *
Snorg claws you!
* * * LOW HITPOINT WARNING * * *
You take 36 damage, and have 14/90 hp.
MASSIVE DAMAGE!!
You slash Snorg! You headbutt Snorg.
Snorg is severely wounded.
Snorg barely misses you. Snorg claws you but does no damage. Snorg claws you!
You die...

#..!.....#
#........#
#.......)#
.........#
#........#
#....[...#
#......T.# ##@#
####..# ##....##
#..####
#####'#######
#...........# #
###...........#
#.###.'...........#
#..<'.#...........#


You could see Snorg (berserk).

Vanquished Creatures
  A cyclops (D:9)
  An ugly thing (D:8)
  2 trolls
  Prince Ribbit (D:6)
  Grinder (D:5)
  2 shadows (D:9)
  Sigmund (D:5)
  A wraith (D:9)
  A steam dragon (D:9)
  A water moccasin (D:8)
  An orc warrior (D:6)
  A sky beast (D:8)
  2 ice beasts (D:8)
  5 ogres
  A phantom (D:5)
  2 centaurs
  A kobold brigand (D:9)
  3 bullfrogs
  4 elf zombies (Ossuary)
  2 scorpions
  3 howler monkeys
  2 jellies (D:6)
  6 hounds
  A bullfrog skeleton (D:6)
  5 orc priests
  A gnoll shaman (D:9)
  3 human zombies (Ossuary)
  7 orc wizards
  Ijyb (D:5)
  4 iguanas
  3 hound zombies
  3 mummies (Ossuary)
  4 gnolls (D:9)
  9 adders
  2 white imps (D:5)
  An adder skeleton (D:4)
  5 adder zombies (Ossuary)
  A worm (D:1)
  3 dart slugs
  30 orcs
  6 endoplasms
  7 giant cockroaches
  7 goblins
  2 hobgoblins (D:2)
  10 jackals
  5 kobolds
  9 quokkas
  16 ball pythons
  4 bats
  5 frilled lizards
  6 goblin zombies (Ossuary)
  4 hobgoblin zombies (Ossuary)
  A jackal skeleton (D:4)
  A jackal zombie (Ossuary)
  7 kobold zombies (Ossuary)
  2 orc zombies (Ossuary)
  3 quokka zombies (Ossuary)
  5 rats
  2 rat zombies
230 creatures vanquished.

Notes
Turn   | Place    | Note
-------+----------+-------------------------------------------
     0 | D:1      | tatocazan the Minotaur Fighter began the quest for the Orb.
     0 | D:1      | Reached XP level 1. HP: 19/19 MP: 0/0
   210 | D:1      | Reached XP level 2. HP: 27/27 MP: 1/1
   268 | D:1      | Reached skill level 1 in Dodging
   634 | D:1      | You fall into a shaft and drop 1 floor!
   672 | D:2      | Reached skill level 3 in Long Blades
   675 | D:2      | Reached XP level 3. HP: 14/33 MP: 2/2
  1255 | D:2      | Found a faded altar of an unknown god.
  1662 | D:3      | Reached XP level 4. HP: 40/40 MP: 3/3
  1827 | D:3      | Reached skill level 4 in Long Blades
  2128 | D:3      | Reached XP level 5. HP: 40/46 MP: 4/4
  2993 | D:4      | Found Ruleju's Book Shop.
  3016 | D:4      | Reached XP level 6. HP: 49/53 MP: 5/5
  3215 | D:4      | Reached skill level 5 in Long Blades
  3467 | D:4      | Reached skill level 5 in Fighting
  3949 | D:5      | Entered Level 5 of the Dungeon
  3961 | D:5      | Reached skill level 5 in Armour
  3961 | D:5      | Reached XP level 7. HP: 61/61 MP: 6/6
  3977 | D:5      | Found a sand-covered staircase.
  3983 | D:5      | Noticed Ijyb
  3992 | Ossuary  | Entered an ossuary
  4223 | Ossuary  | Reached skill level 6 in Long Blades
  4223 | Ossuary  | Reached skill level 5 in Dodging
  4547 | Ossuary  | Reached XP level 8. HP: 67/70 MP: 7/7
  4608 | D:5      | Killed Ijyb
  4881 | D:5      | Reached skill level 7 in Long Blades
  5246 | D:5      | Noticed Sigmund
  5256 | D:5      | Killed Sigmund
  5841 | D:5      | Noticed Grinder
  5853 | D:5      | Killed Grinder
  6144 | D:5      | Found Timewk's Magic Scroll Shoppe.
  6188 | D:6      | Reached skill level 8 in Long Blades
  6190 | D:6      | Found an ornate altar of the Wu Jian Council.
  6220 | D:6      | Noticed Prince Ribbit
  6239 | D:6      | Killed Prince Ribbit
  6312 | D:6      | Reached XP level 9. HP: 73/78 MP: 8/8
  7500 | D:7      | Reached skill level 9 in Long Blades
  7861 | D:7      | Found a shimmering blue altar of Sif Muna.
  8029 | D:7      | Found a staircase to the Ecumenical Temple.
  8043 | Temple   | Entered the Ecumenical Temple
  8978 | D:8      | Noticed a troll
  8978 | D:8      | Noticed a brown ugly thing
  9202 | D:8      | Killed a brown ugly thing
  9327 | D:8      | Found a staircase to the Lair.
  9361 | D:8      | Reached skill level 10 in Long Blades
  9779 | D:8      | Killed a troll
 10040 | D:8      | Reached XP level 10. HP: 83/88 MP: 9/9
 10186 | D:9      | Noticed a cyclops
 10197 | D:9      | Killed a cyclops
 10416 | D:9      | Found a sacrificial altar of Ru.
 10889 | D:9      | Reached skill level 11 in Long Blades
 10986 | D:9      | Found an iron altar of Okawaru.
 11115 | D:9      | Became a worshipper of Warmaster Okawaru
 11384 | D:10     | Entered Level 10 of the Dungeon
 11414 | D:10     | Noticed Snorg
 11434 | D:10     | Slain by Snorg

Illustrated notes

Levels and vault maps discovered:
D:1:      pf_arrival_petrified_forest, layout_loops_ring,
          minmay_misc_feat_plants, nicolae_wormholes
D:2:      layout_loops_ring, basic_ecumenical_altar, fountainhead,
          minmay_tetromino_i4
D:3:      layout_basic, minmay_snake_closets
D:4:      layout_basic, serial_shops,
          nicolae_shop_temple_entry_statues_fountains
D:5:      layout_basic, serial_shops, nicolae_shop_advertising_works
          [nicolae_subvault_shop_adworks], enter_ossuary_3, uniq_ijyb,
          uniq_sigmund, uniq_grinder
D:6:      layout_basic, old_standard_altar, uniq_prince_ribbit1
D:7:      layout_cave_pods, mainiacjoe_overflow_tiny_flanked,
          minmay_temple_entry_hall, minivault_22
D:8:      layout_rooms, lair_entry_dummy
D:9:      layout_roguey, mainiacjoe_overflow_catwalk_spiral
D:10:     layout_roguey, lightli_minifort, uniq_sonja, uniq_snorg
Temple:   nicolae_temple_no_exploring_needed

Skill      XL: |  1  2  3  4  5  6  7  8  9 10 |
---------------+-------------------------------+-----
Dodging        | 1 2 3 4 5 7 9 |  9.9
Long Blades    | 3 4 5 6 8 10 11 | 11.0
Armour         | 4 5 6 7 8 |  8.4
Fighting       | 4 5 6 7 8 |  8.5
Shields        | |  3.6

Action                   |  1- 3 |  4- 6 |  7- 9 | 10-12 || total
-------------------------+-------+-------+-------+-------++-------
Melee: Long sword        |   109 |   131 |   386 |   116 ||   742
       Headbutt          |    17 |    20 |    82 |    23 ||   142
       Unarmed           |       |       |    22 |       ||    22
Throw: Javelin           |       |       |     4 |       ||     4
  Use: Scroll            |       |     4 |     1 |     2 ||     7
       Potion            |       |       |     1 |     1 ||     2
Armor: Scale mail        |    75 |    47 |    62 |       ||   184
       Skin              |       |       |     7 |       ||     7
       Plate armour      |       |       |    45 |    44 ||    89
Dodge: Dodged            |    72 |    86 |   172 |    31 ||   361
Block: Buckler           |    31 |    50 |   171 |    65 ||   317
       Reflection        |       |     3 |     2 |     2 ||     7

Table legend: (Time is in decaauts)
 A = Elapsed time spent in this place.
 B = Non-inter-level travel time spent in this place.
 C = Inter-level travel time spent in this place.
 D = Time resting spent in this place.
 E = Time spent auto-exploring this place.
 F = Levels seen in this place.
 G = Mean time per level.
                   A        B        C        D        E       F      G
               +--------+--------+--------+--------+--------+-----+--------+
         Total |  11487 |  11190 |    297 |   3125 |   6516 |  12 |  957.2 |
       Dungeon |  10872 |  10575 |    297 |   3125 |   6104 |  10 | 1087.2 |
        Temple |      1 |      1 |      0 |      0 |      0 |   1 |    1.0 |
       Ossuary |    613 |    613 |      0 |      0 |    412 |   1 |  613.0 |
               +--------+--------+--------+--------+--------+-----+--------+

Top non-repeatable levels by time:
     D:6: 1759 daAuts
     D:5: 1633 daAuts
     D:3: 1429 daAuts
     D:7: 1288 daAuts
     D:9: 1204 daAuts
     D:4: 967 daAuts
     D:2: 961 daAuts
     D:8: 942 daAuts
     D:1: 642 daAuts
 Ossuary: 613 daAuts
    D:10: 43 daAuts
  Temple: 1 daAuts
